 Dungeon Crawl Stone Soup version 0.29.0-4-gdea44cf6ec (webtiles) character file.

Game seed: 3731475962831351914

49 qw the Chopper (level 3, 0/21 HPs)
             Began as a Tengu Warper on Aug 28, 2022.
             Slain by a gnoll
             ... wielding a +0 whip
              (3 damage)
             ... on level 2 of the Dungeon.
             The game lasted 00:00:08 (1237 turns).

qw the Chopper (Tengu Warper)                       Turns: 1237, Time: 00:00:09

Health: 0/21       AC: 10    Str: 13    XL:     3   Next: 77%
Magic:  7/7        EV:  3    Int: 13    God:
Gold:   54         SH:  0    Dex: 13    Spells: 6/6 levels left

rFire   . . .      SeeInvis .   Y - +0 hand axe
rCold   . . .      Faith    .   (no shield)
rNeg    . . .      Spirit   .   h - +0 plate armour
rPois   .          Reflect  .   (helmet restricted)
rElec   .          Harm     .   (no cloak)
rCorr   .          Rampage  .   (no gloves)
Will    .....                   (boots unavailable)
Stlth   ..........              (no amulet)
HPRegen 0.07/turn               (no ring)
MPRegen 0.10/turn               (no ring)

@: no status effects
A: beak, talons 3
a: no special abilities


You were on level 2 of the Dungeon.
You visited 1 branch of the dungeon, and saw 2 of its levels.

You collected 54 gold pieces.


Innate Abilities, Weirdness & Mutations

You have a beak for a mouth.
You have claws for feet.


   Skills:
 - Level 2.0 Fighting
 - Level 4.2 Axes
 - Level 1.0 Throwing
 + Level 1.5 Armour
 - Level 2.1 Dodging
 - Level 2.0 Spellcasting
 - Level 2.4 Translocations


You had 6 spell levels left.
You didn't know any spells.
Your spell library contained the following spells:

 Spells                   Type           Power      Damage    Failure   Level
 Blink                    Tloc           14%        N/A       100%        2
 Gell's Gravitas          Tloc           7%         N/A       100%        3
 Lesser Beckoning         Tloc           7%         N/A       100%        3
 Teleport Other           Tloc           7%         N/A       100%        3
 Manifold Assault         Tloc           7%         N/A       100%        5

Inventory:

Hand Weapons
 j - a +0 mace
 Y - a +0 hand axe (weapon)
Missiles
 c - 6 boomerangs (quivered)
Armour
 b - the +1 chain mail of Elyvilon's Hope {rF+ Str+4 Dex+5}
   (You found it on level 2 of the Dungeon)

   Str:       It affects your strength (+4).
   Dex:       It affects your dexterity (+5).
   rF:        It protects you from fire.
 h - a +0 plate armour (worn)
Scrolls
 a - a scroll of identify
 d - a scroll of vulnerability {unknown}
Potions
 f - 3 potions of curing
 i - a potion of brilliance {unknown}

Dungeon Overview and Level Annotations

Branches:
Dungeon (2/15)

Altars:


Message History

You miss the quokka. Your kick misses the quokka. Your peck misses the quokka.
The quokka is moderately wounded.
The quokka completely misses you. The quokka bites you.
You hit the quokka.
You kill the quokka!
You start resting.
HP restored.
A ball python comes into view.
The ball python hisses angrily.
You see here a scroll labelled BUZIFY QALAWNE.
You hit the ball python. You claw the ball python.
You kill the ball python!
d - a scroll labelled BUZIFY QALAWNE
f - 3 potions of curing (gained 1)
Found 3 stones.
A gnoll comes into view. It is wielding a +0 flail.
The gnoll shouts!
You hear a shout!
A goblin comes into view. It is wielding a +0 dagger.
A gnoll comes into view. It is wielding a +0 flail.
A gnoll comes into view. It is wielding a +0 whip.
The gnoll shouts!
A gnoll comes into view. It is wielding a +0 halberd.
The gnoll shouts!
The goblin unwields a +0 dagger.
The goblin wields a +0 sling.
The goblin shoots a sling bullet.
The sling bullet hits you but does no damage.
The gnoll hits you with a +0 flail.
A quokka comes into view.
You hit the gnoll but do no damage. You claw the gnoll, but do no damage.
You peck the gnoll.
The gnoll is moderately wounded.
You barely miss the gnoll. The gnoll hits you but does no damage.
The gnoll hits you from afar with a +0 halberd!
You hit the gnoll but do no damage. You peck the gnoll, but do no damage.
The gnoll is moderately wounded.
You barely miss the gnoll. You hit the gnoll but do no damage.
The gnoll hits you from afar with a +0 halberd.
The gnoll hits you with a +0 whip.
You die...

### #.. #.# # #.# # #
#####.####.... #
#.....@gg...# #
###.##.#gg....#
#########...##.$.g.r..#
..........#.###.####..#
..#######.#.....# ...
....#####.###.#.# ##
.................
..%.............#
..#######.###...#


You could see 4 gnolls, a quokka and a goblin.

Vanquished Creatures
  A worm (D:2)
  A dart slug (D:1)
  7 ball pythons
  2 endoplasms (D:1)
  3 giant cockroaches (D:1)
  3 goblins (D:1)
  4 hobgoblins (D:1)
  7 jackals (D:1)
  3 quokkas
  10 rats
41 creatures vanquished.

Notes
Turn   | Place    | Note
-------+----------+-------------------------------------------
     0 | D:1      | qw the Tengu Warper began the quest for the Orb.
     0 | D:1      | Reached XP level 1. HP: 12/12 MP: 4/4
     0 | D:1      | 0 ||| qw: Version: 0.1-a-89-g26bdef1
     0 | D:1      | 0 ||| qw: Game counter: 106
     0 | D:1      | 0 ||| qw: Always use a shield: true
     0 | D:1      | 0 ||| qw: God list: Okawaru
     0 | D:1      | 0 ||| qw: Allow faded altars: false
     0 | D:1      | 0 ||| qw: Do Orc after D:15 true
     0 | D:1      | 0 ||| qw: Do second Lair branch before Depths: true
     0 | D:1      | 0 ||| qw: Lair rune preference: random
     0 | D:1      | 0 ||| qw: Plans: Normal
     0 | D:1      | 0 ||| PLANNING D:1-11
    78 | D:1      | 78 ||| Stepping ~*~*~tactically~*~*~ (stealth).
    81 | D:1      | 81 ||| Stepping ~*~*~tactically~*~*~ (stealth).
   207 | D:1      | Reached skill level 3 in Axes
   207 | D:1      | Reached XP level 2. HP: 17/17 MP: 6/6
   288 | D:1      | 288 ||| Stepping ~*~*~tactically~*~*~ (stealth).
   293 | D:1      | 293 ||| Stepping ~*~*~tactically~*~*~ (stealth).
   372 | D:1      | 372 ||| Stepping ~*~*~tactically~*~*~ (stealth).
   374 | D:1      | 374 ||| Stepping ~*~*~tactically~*~*~ (stealth).
   380 | D:1      | Reached XP level 3. HP: 19/21 MP: 7/7
   472 | D:1      | 472 ||| Stepping ~*~*~tactically~*~*~ (stealth).
   487 | D:1      | Reached skill level 4 in Axes
   575 | D:1      | 575 ||| DROPPING +0 club.
   833 | D:1      | 833 ||| UPGRADING to +0 ring mail.
   843 | D:1      | 843 ||| DROPPING +0 leather armour.
   844 | D:1      | 844 ||| UPGRADING to +0 plate armour.
   854 | D:1      | 854 ||| DROPPING +0 ring mail.
   855 | D:1      | 855 ||| READING scroll labelled NOREED IPAGRO.
   856 | D:1      | 856 ||| READING scroll labelled VUCAPU XOYHIJ.
   857 | D:1      | 857 ||| DRINKING 3 white potions.
   858 | D:1      | 858 ||| DROPPING scroll of blinking.
   968 | D:2      | Identified the +1 chain mail of Elyvilon's Hope {rF+ Str+4
                  | Dex+5}
  1013 | D:2      | 1013 ||| Stepping ~*~*~tactically~*~*~ (stealth).
  1236 | D:2      | HP: 5/21 [gnoll/+0 halberd (10)]
  1237 | D:2      | Slain by a gnoll

Levels and vault maps discovered:
D:1:      minmay_arrival_stone_box, layout_rooms
D:2:      layout_loops_ring, nicolae_titane

Skill      XL: |  1  2  3 |
---------------+----------+-----
Axes           | 3 4 |  4.2
Fighting       | |  2.0
Throwing       | |  1.0
Armour         | |  1.5
Dodging        | |  2.1
Spellcasting   | |  2.0
Translocations | |  2.4

Action                   || total
-------------------------++-------
Melee: Hand axe          ||    86
       Kick              ||    29
       Peck              ||     9
Throw: Boomerang         ||    13
  Use: Scroll            ||     2
       Potion            ||     1
Armor: Leather armour    ||    12
       Plate armour      ||     6
Dodge: Dodged            ||    42

Table legend:
 A = Non-vault XP
 B = Vault XP
 C = Vault XP percentage of total XP
 D = Non-vault monster count
 E = Vault monster count
 F = Vault count percentage of total count
                 A         B        C        D         E       F
            +---------+---------+-------+---------+---------+-------
      Total |      71 |       0 |   0.0 |      41 |       0 |   0.0
            +---------+---------+-------+---------+---------+-------
        D:1 |      59 |       0 |   0.0 |      34 |       0 |   0.0
        D:2 |      12 |       0 |   0.0 |       7 |       0 |   0.0
            +---------+---------+-------+---------+---------+-------
